 Dungeon Crawl Stone Soup version 0.24-a0-201-gf205589 (webtiles) character file.

Game seed: 5099119681976959766

782 Borgoz the Cutter (level 8, -6/48 HPs)
             Began as a Kobold Gladiator on Mar 24, 2019.
             Mangled by Joseph
             ... wielding a +0 quarterstaff
              (10 damage)
             ... on level 8 of the Dungeon.
             The game lasted 00:08:48 (4062 turns).

Borgoz the Cutter (Kobold Gladiator)                Turns: 4062, Time: 00:08:50

Health: -6/48      AC: 10    Str: 13    XL:     8   Next: 11%
Magic:  11/11      EV: 17    Int: 10    God:
Gold:   193        SH:  0    Dex: 16    Spells: 12/12 levels left

rFire    . . .     SeeInvis +   a - +0 rapier
rCold    . . .     Gourm    .   (shield restricted)
rNeg     + . .     Faith    .   s - +3 leather armour {rN+}
rPois    +         Spirit   .   t - +0 helmet
rElec    .         Reflect  .   r - +2 cloak {rPois}
rCorr    .         Harm     .   (no gloves)
MR       .....                  (no boots)
Stlth    ++........             (no amulet)
HPRegen  0.16/turn              (no ring)
MPRegen  0.12/turn              (no ring)

@: no status effects
A: small, see invisible, carnivore, poison resistance, subdued magic 1
a: no special abilities


You were on level 8 of the Dungeon.
You were completely stuffed.

You visited 1 branch of the dungeon, and saw 6 of its levels.

You collected 193 gold pieces.

Inventory:

Hand Weapons
 a - a +0 rapier (weapon)
 d - a +4 quarterstaff of chaos
 h - a +0 rapier
 i - a +0 dagger of freezing
Missiles
 j - 21 bolts
 l - 21 poisoned needles
Armour
 r - a +2 cloak of poison resistance (worn)
 s - a +3 leather armour of positive energy (worn)
 t - a +0 helmet (worn)
Wands
 q - a wand of iceblast (3)
 v - a wand of polymorph (6)
Scrolls
 b - a scroll of immolation
 e - a scroll of amnesia
 g - 2 scrolls of identify
 k - 3 scrolls of remove curse
 m - a scroll of teleportation {unknown}
 p - a scroll of blinking
 u - a scroll of fear {unknown}
Potions
 n - 2 potions of cancellation
Comestibles
 c - 5 chunks of flesh
 f - 9 rations


   Skills:
 + Level 3.9 Fighting
 + Level 5.4 Short Blades
 + Level 3.9 Throwing
 * Level 3.4 Armour
 + Level 5.0 Dodging
 + Level 4.0 Stealth
 + Level 2.5 Spellcasting


You had 12 spell levels left.
You didn't know any spells.
Your spell library was empty.

Dungeon Overview and Level Annotations

Branches:
Dungeon (5/15)
 Temple: D:4-7

Altars:
Cheibriados
Nemelex Xobeh

Annotations:
D:4 1 transporter
D:8 Joseph


Innate Abilities, Weirdness & Mutations

You are small and have problems with some larger weapons.
You are carnivorous and can eat meat at any time.
You have supernaturally acute eyesight. (SInv)
Your system is resistant to poisons. (rPois)
Your spells are a little easier to cast, but a little less powerful.


Message History

The creatures around you are filled with an inner flame!
It was a scroll of immolation.
Joseph unwields a +0 quarterstaff.
Joseph wields a +0 hunting sling.
Joseph shoots a sling bullet.
The sling bullet hits you!
* * * LOW HITPOINT WARNING * * *
Joseph unwields a +0 hunting sling.
Joseph wields a +0 quarterstaff.
Joseph closely misses you.
Found a stone staircase leading up.
Okay, then.
As you read the scroll labeled OFFEITR NEBB, it crumbles to dust.
It is a scroll of amnesia.
You feel forgetful for a moment. Joseph hits you with a +0 quarterstaff.
* * * LOW HITPOINT WARNING * * *
Unknown command.
Okay, then.
As you read the scroll labeled AFOEJEUCRE, it crumbles to dust.
It is a scroll of identify.
p - a scroll of blinking Joseph hits you with a +0 quarterstaff!
You die...

. .. ######## ...
##......##
..###........##
%...........#
#!.........#
#####.(........#
............>...#
.........@......#
.....#...)@.....#
................#
..####..........#
. ##.........#
#.........#
##.......##
.....<.##


You could see Joseph (inner flame).

Vanquished Creatures
  Duvessa (D:4)
  An ogre (D:4)
  Dowan (D:4)
  3 wights
  A hound (D:4)
  4 orc wizards (D:4)
  Crazy Yiuf (D:3)
  2 iguanas
  Ijyb (D:3)
  A worker ant (D:5)
  Robin (D:3)
  3 adders (D:2)
  A shadow imp (D:3)
  4 worms
  7 dart slugs
  10 orcs
  3 giant cockroaches
  12 goblins
  6 hobgoblins
  A quokka (D:2)
  A ball python (D:2)
  5 bats
  6 frilled lizards
  5 kobolds
  8 rats
89 creatures vanquished.

Vanquished Creatures (others)
  A fungus (D:5)
  2 plants (D:3)
3 creatures vanquished.

Grand Total: 92 creatures vanquished

Notes
Turn   | Place    | Note
-------+----------+-------------------------------------------
     0 | D:1      | Borgoz the Kobold Gladiator began the quest for the Orb.
     0 | D:1      | Reached XP level 1. HP: 12/12 MP: 1/1
    38 | D:1      | Reached XP level 2. HP: 6/17 MP: 2/2
   573 | D:2      | Found a sparkling altar of Nemelex Xobeh.
   577 | D:2      | Reached skill level 1 in Stealth
   664 | D:2      | Reached XP level 3. HP: 12/22 MP: 3/3
   954 | D:2      | Reached skill level 1 in Armour
  1189 | D:2      | Reached XP level 4. HP: 26/27 MP: 4/4
  1264 | D:2      | Found a snail-covered altar of Cheibriados.
  1510 | D:3      | Noticed Ijyb
  1525 | D:3      | Killed Ijyb
  1525 | D:3      | Reached skill level 1 in Spellcasting
  1570 | D:3      | Reached XP level 5. HP: 16/31 MP: 6/6
  1940 | D:3      | Found a runed translucent door.
  1941 | D:3      | Noticed Crazy Yiuf
  2262 | D:2      | Reached XP level 6. HP: 20/37 MP: 6/8
  2517 | D:3      | Noticed Robin
  2537 | D:3      | Killed Robin
  3064 | D:3      | Killed Crazy Yiuf
  3155 | D:4      | Noticed an ogre
  3162 | D:4      | Killed an ogre
  3162 | D:4      | Reached XP level 7. HP: 41/41 MP: 9/9
  3175 | D:4      | Reached skill level 5 in Short Blades
  3253 | D:4      | HP: 1/41 [iguana (12)]
  3465 | D:4      | Found a transporter.
  3611 | D:4      | Noticed Duvessa
  3611 | D:4      | Noticed Dowan
  3624 | D:4      | Gained mutation: Your spells are a little easier to cast,
                  | but a little less powerful. [potion of mutation]
  3624 | D:4      | Gained mutation: Your system is resistant to poisons.
                  | (rPois) [potion of mutation]
  3624 | D:4      | Gained mutation: You have supernaturally acute eyesight.
                  | (SInv) [potion of mutation]
  3657 | D:4      | Killed Dowan
  3657 | D:4      | Killed Duvessa
  3657 | D:4      | Reached XP level 8. HP: 15/48 MP: 11/11
  3912 | D:5      | Entered Level 5 of the Dungeon
  3999 | D:5      | Reached skill level 5 in Dodging
  4057 | D:5      | You fall through a shaft for 3 floors!
  4057 | D:8      | Noticed Joseph
  4062 | D:8      | Mangled by Joseph

Levels and vault maps discovered:
D:1:      mrwooster_arrival_arrow, layout_rooms
D:2:      layout_rooms, nemelex_xobeh_ov_fountains_minmay,
          kennysheep_slug_shrine, first_ration, minivault_25
D:3:      layout_basic, serial_forest, infiniplex_forest_join,
          infiniplex_forest_clump_long, infiniplex_forest_join,
          infiniplex_forest_clump_medium, infiniplex_forest_lined_corner,
          infiniplex_forest_clump_small, infiniplex_forest_lined_2,
          infiniplex_forest_clump_small, infiniplex_forest_clump_medium,
          interstate_on_off, minmay_door_square, uniq_robin,
          uniq_crazy_yiuf_cottage, uniq_ijyb
D:4:      gammafunk_cloud_chamber, layout_cave_pools,
          lemuel_coloured_pillars_altar, minmay_misc_feat_cross, uniq_duvessa
D:5:      kennysheep_steamy, layout_loops_ring
D:8:      minmay_the_grid_octo_2x2 [minmay_the_grid_octo_tetromino_candy,
          minmay_the_grid_octo_focus, minmay_the_grid_octo_chip,
          minmay_the_grid_octo_prize_ultimate_mussel_roller], layout_rooms,
          old_standard_altar, uniq_psyche, uniq_joseph

Skill      XL: |  1  2  3  4  5  6  7  8 |
---------------+-------------------------+-----
Stealth        | 1 2 3 4 |  4.0
Armour         | 1 2 3 |  3.4
Dodging        | 4 5 |  5.0
Spellcasting   | 1 2 |  2.5
Fighting       | 3 |  3.9
Throwing       | 3 |  3.9
Short Blades   | 5 |  5.4

Action                   |  1- 3 |  4- 6 |  7- 9 || total
-------------------------+-------+-------+-------++-------
Melee: Rapier            |    80 |   155 |   139 ||   374
Throw: Throwing net      |       |     3 |       ||     3
Evoke: Wand              |       |     6 |     3 ||     9
  Use: Scroll            |       |     1 |     3 ||     4
       Potion            |       |       |     7 ||     7
 Stab: Sleeping          |     3 |     2 |     1 ||     6
       Held in net/web   |       |     4 |       ||     4
  Eat: Chunk             |     9 |     6 |     4 ||    19
Armor: Leather armour    |    21 |    12 |    61 ||    94
       Ring mail         |       |    21 |       ||    21
Dodge: Dodged            |    66 |    79 |   114 ||   259

Table legend:
 A = Non-vault XP
 B = Vault XP
 C = Vault XP percentage of total XP
 D = Non-vault monster count
 E = Vault monster count
 F = Vault count percentage of total count
                 A         B        C        D         E       F
            +---------+---------+-------+---------+---------+-------
      Total |     774 |     344 |  30.8 |      71 |      18 |  20.2
            +---------+---------+-------+---------+---------+-------
        D:1 |      15 |       0 |   0.0 |       8 |       0 |   0.0
        D:2 |     125 |       4 |   3.1 |      23 |       1 |   4.2
        D:3 |     169 |     117 |  40.9 |      19 |      15 |  44.1
        D:4 |     385 |     223 |  36.7 |      15 |       2 |  11.8
        D:5 |      80 |       0 |   0.0 |       6 |       0 |   0.0
            +---------+---------+-------+---------+---------+-------
